 Dungeon Crawl Stone Soup version 0.21.0-24-g2553a33 (webtiles) character file.

18 tidbits the Firebug (level 2, 19/20 HPs)
             Began as a Gnoll Fire Elementalist on Jan 21, 2018.
             Quit the game on level 2 of the Dungeon.
             The game lasted 00:02:58 (434 turns).

tidbits the Firebug (Gnoll Fire Elementalist)        Turns: 434, Time: 00:02:59

Health: 19/20      AC:  2    Str: 10    XL:     2   Next: 70%
Magic:  7/7        EV: 14    Int: 17    God:
Gold:   34         SH:  0    Dex: 15    Spells: 9/10 levels left

rFire    . . .     SeeInvis .   g - +0 dagger
rCold    . . .     Gourm    .   (no shield)
rNeg     . . .     Faith    .   a - +0 robe
rPois    .         Spirit   .   (no helmet)
rElec    .         Reflect  .   C - scarf {repulsion}
rCorr    .         Harm     .   (no gloves)
MR       .....                  (no boots)
Stlth    +++.......             (no amulet)
HPRegen  0.06/turn              (no ring)
MPRegen  0.10/turn              (no ring)

@: repel missiles
A: distributed training, fangs 1, strong nose
a: no special abilities


You were on level 2 of the Dungeon.
You were not hungry.

You visited 1 branch of the dungeon, and saw 3 of its levels.

You collected 34 gold pieces.

Inventory:

Hand Weapons
 d - a +0 whip
 g - a +0 dagger (weapon)
Missiles
 i - 6 tomahawks (quivered)
Armour
 a - a +0 robe (worn)
 m - a +0 helmet
 C - a scarf of repulsion (worn)
   (You found it on level 1 of the Dungeon)
Scrolls
 f - a scroll of magic mapping {unknown}
 j - 3 scrolls of remove curse {unknown}
 k - a scroll of enchant weapon {unknown}
Potions
 e - 3 potions of haste {unknown}
 h - a potion of heal wounds {unknown}
 l - a potion of mutation {unknown}
Books
 b - a book of Flames

   Spells                             Type                      Level
   a - Flame Tongue                   Conjuration/Fire             1
   b - Throw Flame                    Conjuration/Fire             2
   c - Conjure Flame                  Conjuration/Fire             3
   d - Inner Flame                    Hexes/Fire                   3
   e - Sticky Flame                   Conjuration/Fire             4
   f - Fireball                       Conjuration/Fire             5
Comestibles
 c - 5 rations


   Skills:
 + Level 0.5 Fighting
 + Level 0.5 Short Blades
 + Level 0.5 Long Blades
 + Level 0.5 Axes
 + Level 0.5 Maces & Flails
 + Level 0.5 Polearms
 + Level 0.5 Staves
 + Level 0.5 Slings
 + Level 0.5 Bows
 + Level 0.5 Crossbows
 + Level 0.5 Throwing
 + Level 0.5 Armour
 + Level 4.5 Dodging
 + Level 4.1 Stealth
 + Level 0.5 Shields
 + Level 0.5 Unarmed Combat
 + Level 4.9 Spellcasting
 + Level 2.0 Conjurations
 + Level 0.3 Hexes
 + Level 0.3 Charms
 + Level 0.3 Summonings
 + Level 0.3 Necromancy
 + Level 0.3 Translocations
 + Level 0.3 Transmutations
 + Level 5.3 Fire Magic
 + Level 0.3 Ice Magic
 + Level 0.3 Air Magic
 + Level 0.3 Earth Magic
 + Level 0.3 Poison Magic
 + Level 0.6 Invocations
 + Level 0.5 Evocations


You had 9 spell levels left.
You knew the following spells:

 Your Spells              Type           Power        Failure   Level  Hunger
a - Flame Tongue          Conj/Fire      ###..        3%          1    None


Dungeon Overview and Level Annotations

Branches:
Dungeon (3/15)

Altars:


Innate Abilities, Weirdness & Mutations

Your experience applies equally to all skills.
You have very sharp teeth.
Your uncanny sense of smell can sniff out nearby items.


Message History

Found an embroidered scarf, a silvery potion and 10 gold pieces.
There is a stone staircase leading down here.
Casting: Flame Tongue
Confirm with . or Enter, or press ? or * to list all spells.
Aiming: Flame Tongue
Press: ? - help, Shift-Dir - straight line, f - rat
Aim: a rat The flame tongue hits the rat.
You kill the rat!
You see here an embroidered scarf.
l - an embroidered scarf Wear which item? (? for menu, Esc to quit)
You start putting on your armour.
You continue putting on your embroidered scarf. x3
Magic restored.
You continue putting on your embroidered scarf.
You finish putting on your scarf of repulsion.
You are surrounded by a repulsion field.
Adjust (i)tems, (s)pells, or (a)bilities?
Adjust which item? (? for menu, Esc to quit)
l - a scarf of repulsion (worn)
Adjust to which letter? (? for menu, Esc to quit)
C - a scarf of repulsion (worn)
A goblin comes into view. It is wielding a dagger.
You see here 10 gold pieces.
Casting: Flame Tongue
Confirm with . or Enter, or press ? or * to list all spells.
Aiming: Flame Tongue
Press: ? - help, Shift-Dir - straight line, f - goblin
Aim: a goblin, wielding a dagger (resting)
The flame tongue hits the goblin.
You kill the goblin!
You now have 34 gold pieces (gained 10).
You see here a dagger.
You see here a silvery potion.
l - a silvery potion
There is a stone staircase leading down here.
You climb downwards.
There is a stone staircase leading up here.
Unknown command.
Found a stone staircase leading down.
Found a ring mail.
You see here 16 stones.
Found an amethyst potion.
You see here an amethyst potion.
e - 3 amethyst potions (gained 1)
Found a stone staircase leading up.
An adder comes into view.
Found a ration.
There is a stone staircase leading up here.
Unknown command.
You climb upwards.
An ooze comes into view.
There is a stone staircase leading down here.
You climb downwards.
There is a stone staircase leading up here.
Unknown command.
Wield which item (- for none, * to show all)? (? for menu, Esc to quit)
g - a +0 dagger (weapon)
The helpless adder fails to defend itself.
You puncture the adder!
You kill the adder!
You see here an adder corpse.
You see here a ration.
c - 3 rations (gained 1)
You see here an adder corpse.
There is a stone staircase leading down here.
Found a spear.
There is a stone staircase leading down here.
You climb downwards.
A frilled lizard and a gnoll come into view.
The gnoll shouts!
The frilled lizard hisses angrily.
You hear a shout! x2
Found a scroll labeled NIECZE VAUSK, 7 gold pieces and 20 arrows.
There is a stone staircase leading up here.
Casting: Flame Tongue
Confirm with . or Enter, or press ? or * to list all spells.
Aiming: Flame Tongue
Press: ? - help, Shift-Dir - straight line, f - gnoll
Aim: a gnoll The flame tongue hits the gnoll.
The gnoll is lightly wounded.
A gnoll comes into view. It is wielding a spear.
The gnoll hits you from afar with a spear.
You climb upwards.
There is a stone staircase leading down here.
Unknown command.
Found a ration.
Found 23 bolts.
Found a ration.
You see here a ration.
c - 4 rations (gained 1)
Found a scroll labeled DERRAN YNWITUO.
Found a helmet.
You see here a helmet.
m - a helmet You see here a scroll labeled DERRAN YNWITUO.
j - 3 scrolls labeled DERRAN YNWITUO (gained 1)
You see here a ration.
c - 5 rations (gained 1) Are you sure you want to abandon this character and quit the game? (Confirm with "yes".)

..####...............#.#
#.....#
.........#.#######...#.#
#.....# ..####.....#
###.#.. ...####
....<....### #.####
....... ..#####..# #.#
#.. #.# #.## #.# #.# #.#
#.# #.# #.## #####.#
#.#####..# #@..#.#
#........# #####.#.#
####.##..# #..##.#.# #
#..## ##.##.#.#
#.##...## #[.##.#.#
#.......# #.......# #.#
####....# #...#.### #..
#....#####...# ###
#.##...#...###


There were no monsters in sight!

Vanquished Creatures
  An adder (D:2)
  A dart slug (D:1)
  A bat (D:1)
  2 goblins (D:1)
  A kobold (D:1)
  3 rats
9 creatures vanquished.

Notes
Turn   | Place    | Note
-------+----------+-------------------------------------------
     0 | D:1      | tidbits the Gnoll Fire Elementalist began the quest for the Orb.
     0 | D:1      | Reached XP level 1. HP: 13/13 MP: 6/6
    62 | D:1      | Reached skill level 2 in Conjurations
    75 | D:1      | Reached XP level 2. HP: 14/19 MP: 0/7
   434 | D:2      | Quit the game

Skill      XL: |  1 |
---------------+----+-----
Conjurations   | 2 |  2.0
Fighting       | |  0.5
Short Blades   | |  0.5
Long Blades    | |  0.5
Axes           | |  0.5
Maces & Flails | |  0.5
Polearms       | |  0.5
Staves         | |  0.5
Slings         | |  0.5
Bows           | |  0.5
Crossbows      | |  0.5
Throwing       | |  0.5
Armour         | |  0.5
Dodging        | |  4.5
Stealth        | |  4.1
Shields        | |  0.5
Unarmed Combat | |  0.5
Spellcasting   | |  4.9
Hexes          | |  0.3
Charms         | |  0.3
Summonings     | |  0.3
Necromancy     | |  0.3
Translocations | |  0.3
Transmutations | |  0.3
Fire Magic     | |  5.3
Ice Magic      | |  0.3
Air Magic      | |  0.3
Earth Magic    | |  0.3
Poison Magic   | |  0.3
Invocations    | |  0.6
Evocations     | |  0.5

Action                   || total
-------------------------++-------
Melee: Whip              ||     1
       Dagger            ||     1
 Cast: Flame Tongue      ||    10
 Stab: Sleeping          ||     1
Dodge: Dodged            ||     2

Table legend:
 A = Turns spent in this place as a percentage of turns spent in the entire game.
 B = Non-inter-level travel turns spent in this place as a percentage of non-inter-level travel turns spent in the entire game.
 C = Inter-level travel turns spent in this place as a percentage of turns spent in this place.
 D = Turns resting spent in this place as a percentage of non-inter-level travel turns spent in this place.
 E = Turns spent auto-exploring this place as a percentage of non-inter-level travel turns spent in this place.
 F = Non-inter-level travel turns spent in this place divided by the number of levels of this place that you've seen.
                   A       B       C       D       E      F
               +-------+-------+-------+-------+-------+----------------------
         Total | 100.0 | 100.0 |   0.0 |   0.0 |   0.0 | 144.7
       Dungeon | 100.0 | 100.0 |   0.0 |   0.0 |   0.0 | 144.7
               +-------+-------+-------+-------+-------+----------------------

Table legend:
 A = Kills in this place as a percentage of kills in entire the game.
 B = Kills by you in this place as a percentage of kills by you in the entire game.
 C = Kills by friends in this place as a percentage of kills by friends in the entire game.
 D = Other kills in this place as a percentage of other kills in the entire game.
 E = Experience gained in this place as a percentage of experience gained in the entire game.
 F = Experience gained in this place divided by the number of levels of this place that you have seen.
                   A       B       C       D       E      F
               +-------+-------+-------+-------+-------+----------------------
         Total | 100.0 | 100.0 |   N/A |   N/A | 100.0 |   9.0
       Dungeon | 100.0 | 100.0 |   N/A |   N/A | 100.0 |   9.0
               +-------+-------+-------+-------+-------+----------------------

Vault maps used:
D:1:      mrwooster_arrival_statue, minmay_split_cup_small
D:2:      lemuel_upstairs_altar, nicolae_ru_path_of_blood
D:3:      minmay_vboxes, uniq_grinder, uniq_purgy
